 Dungeon Crawl Stone Soup version 0.26-a0-812-g31a745ddcd (webtiles) character file.

Game seed: 4707187242527617692

2725 tsouns the Covert (level 9, -4/45 HPs)
             Began as a Spriggan Enchanter on Dec 8, 2020.
             Was an Initiate of Ashenzari.
             Slain by an orc knight
             ... wielding a +0 battleaxe
              (36 damage)
             ... in a bailey.
             The game lasted 00:25:17 (8114 turns).

tsouns the Covert (Spriggan Enchanter)              Turns: 8114, Time: 00:25:18

Health: -4/45      AC: 13    Str:  4    XL:     9   Next: 40%
Magic:  5/21       EV: 18    Int: 22    God:    Ashenzari [......]
Gold:   239        SH:  0    Dex: 16    Spells: 11/23 levels left

rFire    . . .     SeeInvis +   a - +2 dagger
rCold    . . .     Faith    .   (shield restricted)
rNeg     + . .     Spirit   .   j - +2 robe {rN+}
rPois    .         Reflect  .   w - +3 crown of Dyrovepreva {rElec Int+2 SInv} (curse)
rElec    +         Harm     .   o - +1 cloak
rCorr    .         Rampage  .   (gloves unavailable)
MR       +....                  (boots unavailable)
Stlth    +++++.....             (no amulet)
HPRegen  0.15/turn              f - +4 ring of protection (curse)
MPRegen  0.17/turn              (no ring)

@: very quick
A: very small, unfitting armour, see invisible, speed 3
a: Curse Item, Renounce Religion


You were in a bailey.
You worshipped Ashenzari.
Ashenzari was noncommittal.
You visited 1 branch of the dungeon, and saw 7 of its levels.
You also visited: Bailey.

You collected 389 gold pieces.
You spent 150 gold pieces at shops.

Inventory:

Hand Weapons
 a - a +2 dagger (weapon)
 q - a +0 rapier
Missiles
 i - 10 poisoned darts (quivered)
 r - 4 atropa-tipped darts
 A - 42 boomerangs
Armour
 j - a +2 robe of positive energy (worn)
 o - a +1 cloak (worn)
 t - a scarf of repulsion
 w - the cursed +3 crown of Dyrovepreva (worn) {rElec Int+2 SInv}
   (You acquired it on level 6 of the Dungeon)

   It affects your intelligence (+2).
   It insulates you from electricity.
   It lets you see invisible.
   It has a curse placed upon it.
Jewellery
 f - a cursed +4 ring of protection (left hand)
Wands
 n - a wand of polymorph (7)
 v - a wand of disintegration (15)
Scrolls
 b - 2 scrolls of remove curse
 d - 3 scrolls of amnesia
 h - 2 scrolls of random uselessness
 l - a scroll of magic mapping
 s - 3 scrolls of enchant weapon
 u - 2 scrolls of teleportation
 y - a scroll of identify
Potions
 c - 2 potions of might
 e - 5 potions of curing
 g - 3 potions of brilliance
 k - a potion of berserk rage
 m - 2 potions of flight
 p - 2 potions of heal wounds
 x - 2 potions of magic
 z - a potion of ambrosia
 B - 2 potions of mutation {unknown}


   Skills:
 + Level 4.0 Fighting
 + Level 6.6 Short Blades
 - Level 3.0 Dodging
 + Level 10.3 Stealth
 + Level 7.7 Spellcasting
 - Level 7.5 Hexes


You had 11 spell levels left.
You knew the following spells:

 Your Spells              Type           Power        Failure   Level
a - Corona                Hex            #####..      1%          1
b - Ensorcelled Hibernat  Hex/Ice        ####..       2%          2
c - Confusing Touch       Hex            #####...     1%          3
d - Tukima's Dance        Hex            #####...     1%          3
e - Dazzling Flash        Conj/Hex       ####..       4%          3

Your spell library contained the following spells:

 Spells                   Type           Power        Failure   Level


Dungeon Overview and Level Annotations

Branches:
Dungeon (7/15)             Temple (0/1) D:5          Bailey (1/1)

Altars:
Ashenzari
Dithmenos
Elyvilon
Makhleb
Nemelex Xobeh
Qazlal
Ru
Trog
Xom
Yredelemnul
The Shining One

Shops:
D:5 ?


Innate Abilities, Weirdness & Mutations

You are very small and have problems with some larger weapons.
You are too small for most types of armour.
You have supernaturally acute eyesight. (SInv)
You cover ground extremely quickly.


Message History

You throw a poisoned dart. The poisoned dart hits the orc knight.
The orc knight is lightly wounded.
There is an open door here.
The orc knight misses you.
There is an open door here.
The orc knight hits you with a +0 battleaxe!
You see here a poisoned dart.
Throwing (i - inventory. (/) - cycle)
i - 12 poisoned darts (quivered)
Press: ? - help, Shift-Dir - straight line, f/p - orc knight
Aim: an orc knight, wielding a +0 battleaxe and wearing a +0 plate armour (moderately wounded, poisoned)
You throw a poisoned dart. The poisoned dart hits the orc knight.
The orc knight is moderately wounded.
Throwing (i - inventory. (/) - cycle)
i - 11 poisoned darts (quivered)
Press: ? - help, Shift-Dir - straight line, f/p - orc knight
Aim: an orc knight, wielding a +0 battleaxe and wearing a +0 plate armour (moderately wounded, poisoned)
You throw a poisoned dart.
The poisoned dart closely misses the orc knight.
The orc knight hits you with a +0 battleaxe!!!
Ouch! That really hurt!
You die...

## ### ##### ### ##
#.# #.###)))###.###∩
#'##'##'###'##'##'#
#....)## ##...††##
###.....#####.....##
#.'..⌠..'.#.'..∩..'.
###@(...#####.....##
##(o..(## ##.....#
##(##'##'###'##'##'#
#(###.###.#)###.# #.
#)# ### ##### ### #
#(###.# #.#.#
##(##'##'# #'# '##'
##)†...# #.....#
###(...(### .....#


You could see an orc knight (poisoned).

Vanquished Creatures
  Edmund (D:6)
  A water moccasin (D:7)
  An orc warrior (D:6)
  A sky beast (D:6)
  A phantom (D:4)
  3 ogres
  2 centaurs
  4 bullfrogs
  4 scorpions
  A wyvern skeleton (D:6)
  2 wights (D:4)
  2 bullfrog zombies
  7 orc wizards
  An orc priest (D:6)
  Terence (D:2)
  Jessica (D:2)
  An iguana (D:6)
  4 worker ants
  A hound skeleton (D:6)
  2 worker ant zombies (D:6)
  Robin (D:3)
  A howler monkey skeleton (D:4)
  12 gnolls
  10 adders
  2 white imps
  3 ufetubi
  2 oozes
  An adder skeleton (D:4)
  A worm (D:2)
  5 dart slugs
  5 leopard geckos
  16 orcs
  A ball python (D:4)
  5 bats
  5 giant cockroaches
  13 goblins
  19 hobgoblins
  9 jackals
  4 quokkas
  4 frilled lizards
  19 kobolds
  9 rats
188 creatures vanquished.

Vanquished Creatures (collateral kills)
  Pikel (D:7)
  3 wights (D:4)
  2 gnolls (Bailey)
  An orc (D:6)
7 creatures vanquished.

Vanquished Creatures (others)
  4 dancing weapons
  5 plants (D:2)
9 creatures vanquished.

Grand Total: 204 creatures vanquished

Notes
Turn   | Place    | Note
-------+----------+-------------------------------------------
     0 | D:1      | tsouns the Spriggan Enchanter began the quest for the Orb.
     0 | D:1      | Reached XP level 1. HP: 9/9 MP: 5/5
   189 | D:1      | Reached XP level 2. HP: 2/13 MP: 4/6
   226 | D:1      | Learned a level 2 spell: Ensorcelled Hibernation
  1198 | D:1      | Reached skill level 5 in Stealth
  1382 | D:2      | Reached XP level 3. HP: 15/16 MP: 3/8
  1535 | D:2      | Found a shimmering altar of Xom.
  1699 | D:2      | Noticed Jessica
  1706 | D:2      | Killed Jessica
  1706 | D:2      | Reached XP level 4. HP: 21/21 MP: 8/10
  2280 | D:3      | Noticed Terence
  2401 | D:2      | Killed Terence
  2401 | D:2      | Reached XP level 5. HP: 24/24 MP: 5/11
  2776 | D:3      | Reached skill level 6 in Stealth
  2838 | D:3      | Learned a level 3 spell: Confusing Touch
  2842 | D:3      | Learned a level 3 spell: Tukima's Dance
  2846 | D:3      | Learned a level 3 spell: Dazzling Flash
  2851 | D:3      | Reached skill level 5 in Hexes
  3121 | D:3      | Identified the +3 helmet "Mampuulu" {Harm Str+4}
  3121 | D:3      | Noticed Robin
  3226 | D:3      | Killed Robin
  3226 | D:3      | Reached XP level 6. HP: 28/28 MP: 10/13
  3457 | D:3      | Found a white marble altar of Elyvilon.
  3860 | D:4      | Found a broken altar of Ashenzari.
  3914 | D:4      | Reached skill level 7 in Stealth
  3921 | D:4      | Reached skill level 5 in Spellcasting
  3921 | D:4      | Reached XP level 7. HP: 32/32 MP: 1/15
  3934 | D:4      | Became a worshipper of Ashenzari the Shackled
  4046 | D:4      | Reached skill level 1 in Fighting
  4058 | D:4      | Found a shadowy altar of Dithmenos.
  4061 | D:4      | Found a burning altar of Makhleb.
  4064 | D:4      | Found a basalt altar of Yredelemnul.
  4067 | D:4      | Found a stormy altar of Qazlal.
  4748 | D:4      | Reached skill level 8 in Stealth
  5183 | D:5      | Entered Level 5 of the Dungeon
  5248 | D:5      | Reached XP level 8. HP: 39/39 MP: 12/17
  5288 | D:5      | Found Seohonk's Magic Scroll Emporium.
  5297 | D:5      | Bought a scroll of teleportation for 36 gold pieces
  5297 | D:5      | Bought a scroll of identify for 24 gold pieces
  5297 | D:5      | Bought a scroll of enchant armour for 90 gold pieces
  5503 | D:5      | Got the cursed falchion "Ojyamoib" {freeze, rC++ Int-4}
  5525 | D:5      | Found a glowing golden altar of the Shining One.
  5528 | D:5      | Found a shimmering altar of Xom.
  5531 | D:5      | Found a sacrificial altar of Ru.
  5532 | D:5      | Found a sparkling altar of Nemelex Xobeh.
  5532 | D:5      | Found a bloodstained altar of Trog.
  5551 | D:5      | Found a staircase to the Ecumenical Temple.
  5588 | D:5      | Reached skill level 5 in Short Blades
  6082 | D:6      | Identified a scroll of acquirement
  6082 | D:6      | Acquired the cursed +3 crown of Dyrovepreva {rElec Int+2
                  | SInv}
  6083 | D:6      | Found the cursed +3 crown of Dyrovepreva {rElec Int+2 SInv}
  6086 | D:6      | Reached skill level 9 in Stealth
  6116 | D:6      | Noticed Edmund
  6123 | D:6      | Killed Edmund
  6959 | D:6      | Reached XP level 9. HP: 39/44 MP: 15/20
  7469 | D:7      | Noticed Pikel
  7482 | D:7      | Killed Pikel
  7482 | D:7      | Reached skill level 10 in Stealth
  7534 | D:7      | Found a flagged portal.
  7685 | Bailey   | Entered a bailey
  7937 | Bailey   | Noticed an orc knight
  8114 | Bailey   | Slain by an orc knight

Illustrated notes

Levels and vault maps discovered:
D:1:      dpeg_arrival_rhombi, layout_loops_corners
D:2:      layout_rooms, chequers_big_river, hex_tiny, xom_teletrap_fun,
          uniq_jessica
D:3:      layout_basic, elyvilon_altar_3, grunt_ministairs_12,
          chequers_serial_rivers_micro_a, uniq_terence, uniq_robin
D:4:      layout_basic, cheibrodos_ashenzari_chains,
          grunt_temple_overflow_cloverleaf
D:5:      layout_rooms, minitemple, minmay_temple_entry_junction_2,
          serial_shops, shop
D:6:      layout_cave_pods, uniq_edmund
D:7:      layout_loops_ring, basic_altar, enter_bailey_8, st_stairs_10,
          uniq_joseph, uniq_pikel
Bailey:   bailey_axe_2, bailey

Skill      XL: |  1  2  3  4  5  6  7  8  9 |
---------------+----------------------------+-----
Spellcasting   | 3 4 5 7 |  7.7
Hexes          | 4 5 6 7 |  7.5
Stealth        | 5 6 7 8 9 10 | 10.3
Short Blades   | 2 3 4 5 6 |  6.6
Fighting       | 2 3 4 |  4.0
Dodging        | |  3.0

Action                   |  1- 3 |  4- 6 |  7- 9 || total
-------------------------+-------+-------+-------++-------
Melee: Dagger            |    50 |   138 |   325 ||   513
Throw: Dart              |       |    13 |     8 ||    21
 Cast: Corona            |     3 |     1 |     1 ||     5
       Ensorcelled Hiber |    12 |    49 |    77 ||   138
       Confusing Touch   |       |     1 |    11 ||    12
       Tukima's Dance    |       |       |    11 ||    11
Invok: Curse Item        |       |       |     1 ||     1
  Use: Scroll            |     5 |       |    15 ||    20
 Stab: Sleeping          |    21 |    38 |    68 ||   127
       Confused          |       |     1 |     8 ||     9
       Distracted        |       |       |     1 ||     1
Armor: Robe              |     4 |    27 |    45 ||    76
Dodge: Dodged            |    29 |    83 |   223 ||   335

Table legend: (Time is in decaauts)
 A = Elapsed time spent in this place.
 B = Non-inter-level travel time spent in this place.
 C = Inter-level travel time spent in this place.
 D = Time resting spent in this place.
 E = Time spent auto-exploring this place.
 F = Levels seen in this place.
 G = Mean time per level.
                   A        B        C        D        E       F      G
               +--------+--------+--------+--------+--------+-----+--------+
         Total |   6107 |   5963 |    144 |    779 |   3574 |   8 |  763.4 |
       Dungeon |   5760 |   5616 |    144 |    747 |   3440 |   7 |  822.9 |
        Bailey |    347 |    347 |      0 |     32 |    134 |   1 |  347.0 |
               +--------+--------+--------+--------+--------+-----+--------+

Top non-repeatable levels by time:
     D:3: 1150 daAuts
     D:6: 1147 daAuts
     D:1: 1014 daAuts
     D:4: 976 daAuts
     D:2: 751 daAuts
     D:5: 515 daAuts
  Bailey: 347 daAuts
     D:7: 206 daAuts
